 Dungeon Crawl Stone Soup version 0.20.1-1-g8b1a95d (webtiles) character file.

1896 Nattfarinn the Thaumaturge (level 8, -1/42 HPs)
             Began as a Spriggan Venom Mage on Aug 1, 2017.
             Was a Follower of Vehumet.
             Killed by nerve-wracking pain
             ... invoked by Menkaure
              (14 damage)
             ... on level 7 of the Dungeon.
             The game lasted 00:35:48 (8447 turns).

Nattfarinn the Thaumaturge (Spriggan Venom Mage)    Turns: 8447, Time: 00:35:49

Health: -1/42      AC:  3    Str:  4    XL:     8   Next: 93%
Magic:  16/22      EV: 18    Int: 19    God:    Vehumet [*.....]
Gold:   251        SH:  0    Dex: 16    Spells: 21/25 levels left

rFire    + . .     SeeInvis +   E - +0 hand axe (elec)
rCold    . . .     Gourm    .   (shield restricted)
rNeg     . . .     Faith    .   a - +0 robe
rPois    .         Spirit   .   (helmet restricted)
rElec    .         Reflect  .   B - +0 cloak
rCorr    .         Harm     .   (gloves unavailable)
MR       +....                  (boots unavailable)
Stlth    ++........             (no amulet)
Regen    0.2/turn               j - ring of protection from cold
MPRegen  0.2/turn               k - ring of fire

@: very slightly contaminated, drained, very quick
A: unfitting armour, see invisible, herbivore 3, speed 3, slow metabolism 2
a: Renounce Religion


You were on level 7 of the Dungeon.
You worshipped Vehumet.
Vehumet was aware of your devotion.
You were not hungry.

You visited 1 branch of the dungeon, and saw 7 of its levels.

You collected 251 gold pieces.

Inventory:

Hand Weapons
 m - a +0 hunting sling
 E - a +0 hand axe of electrocution (weapon)
 F - a +0 dagger of venom
Missiles
 d - 70 stones (quivered)
Armour
 a - a +0 robe (worn)
 B - a +0 cloak (worn)
Jewellery
 j - a ring of protection from cold (left hand)
 k - a ring of fire (right hand)
 r - an uncursed ring of protection from cold
 y - an uncursed ring of fire
 J - an uncursed ring of fire
Scrolls
 f - 8 scrolls of identify {unknown}
 o - 2 scrolls of enchant armour {unknown}
 p - 3 scrolls of magic mapping {unknown}
 q - a scroll of fear {unknown}
 s - 2 scrolls of recharging {unknown}
 t - 7 scrolls of teleportation {unknown}
 v - a scroll of immolation {unknown}
 w - 4 scrolls of remove curse {unknown}
 x - 3 scrolls of noise {unknown}
 C - a scroll of fog {unknown}
 D - 2 scrolls of amnesia {unknown}
 G - a scroll of enchant weapon {unknown}
 H - a scroll of random uselessness {unknown}
Potions
 e - 4 potions of heal wounds {unknown}
 g - 2 potions of curing {unknown}
 h - 4 potions of brilliance {unknown}
 i - a potion of invisibility {unknown}
 l - a potion of resistance {unknown}
 n - a potion of degeneration {unknown}
 u - a potion of ambrosia {unknown}
 z - 4 potions of cancellation {unknown}
 I - a potion of lignification {unknown}
Books
 b - a Young Poisoner's Handbook

   Spells                             Type                      Level
   a - Sting                          Conjuration/Poison           1
   b - Poisonous Vapours              Poison/Air                   2
   c - Mephitic Cloud                 Conjuration/Poison/Air       3
   d - Olgreb's Toxic Radiance        Poison                       4
   e - Venom Bolt                     Conjuration/Poison           5
Comestibles
 c - 7 bread rations
 A - a fruit


   Skills:
 * Level 3.7(3.5) Fighting
 - Level 1.2(1.0) Short Blades
 - Level 1.0(0.8) Slings
 - Level 3.6(3.3) Dodging
 - Level 3.0(2.8) Stealth
 * Level 9.4(9.2) Spellcasting
 - Level 1.4(1.2) Conjurations
 + Level 3.1(2.9) Air Magic
 + Level 6.3(6.0) Poison Magic


You had 21 spell levels left.
You knew the following spells:

 Your Spells              Type           Power        Failure   Level  Hunger
a - Sting                 Conj/Pois      ###.         1%          1    None
b - Poisonous Vapours     Pois/Air       ####..       1%          2    None
c - Magic Dart            Conj           ##..         4%          1    None


Dungeon Overview and Level Annotations

Branches:
Dungeon (7/15)             Temple (0/1) D:5

Altars:
Ashenzari
Elyvilon
Gozag
Hepliaklqana
Kikubaaqudgha
Makhleb
Nemelex Xobeh
Qazlal
Sif Muna
Vehumet
Xom
Zin

Annotations:
D:7 Menkaure


Innate Abilities, Weirdness & Mutations

You are very small and have problems with some larger weapons.
You are too small for most types of armour.
You have supernaturally acute eyesight. (SInv)
You are a herbivore.
You cover ground extremely quickly.
You need consume almost no food.


Message History

Menkaure calls on the powers of darkness!
Your body is wracked with pain!
* * * LOW HITPOINT WARNING * * *
Casting: Magic Dart
Confirm with . or Enter, or press ? or * to list all spells.
Aiming: Magic Dart
Press: ? - help, Shift-Dir - straight line, f/p - Menkaure
Aim: Menkaure (heavily damaged, fast)
The magic dart hits Menkaure.
Menkaure is heavily damaged.
Casting: Magic Dart
Confirm with . or Enter, or press ? or * to list all spells.
Aiming: Magic Dart
Press: ? - help, Shift-Dir - straight line, f/p - Menkaure
Aim: Menkaure (heavily damaged, fast)
The magic dart hits Menkaure.
Menkaure is severely damaged.
Menkaure points at you and mumbles some strange words.
Pain shoots through your body!
You die...

... #.# #.# #M# #.# ###
#.# . .. ###.# ..z
#.##...## .....#.#.)..@#
...z.........##########
.....#.#........).....#
.z.....##.....#######.##
# .#### #....## ##...##
#####.# ###.## ##.....##
...#?# #.# #.......#
###.#.# #.# ##.....##
#.....# ##'## ##...##


You could see Menkaure.

Vanquished Creatures
  A hippogriff (D:7)
  Duvessa (D:7)
  A sky beast (D:7)
  An ogre (D:6)
  2 centaurs
  A bullfrog (D:7)
  Dowan (D:7)
  2 scorpions
  3 wights (D:7)
  A vampire bat (D:4)
  4 crimson imps
  4 orc priests
  A centaur skeleton (D:6)
  4 hounds
  An orc wizard (D:6)
  2 iguanas (D:4)
  Natasha (thrice) (D:2)
  4 worker ants
  A gnoll (D:1)
  10 adders
  A shadow imp (D:7)
  2 oozes
  An adder zombie (D:5)
  3 worms
  2 leopard geckos
  10 orcs
  2 ball pythons
  7 bats
  2 bat skeletons (D:4)
  3 bat zombies (D:4)
  12 giant cockroaches
  6 goblins
  6 hobgoblins
  12 jackals
  3 quokkas
  4 frilled lizards
  3 kobolds
  14 rats
141 creatures vanquished.

Notes
Turn   | Place    | Note
-------+----------+-------------------------------------------
     0 | D:1      | Nattfarinn the Spriggan Venom Mage began the quest for the Orb.
     0 | D:1      | Reached XP level 1. HP: 9/9 MP: 5/5
   300 | D:1      | Reached XP level 2. HP: 13/13 MP: 0/6
   408 | D:1      | Reached skill level 3 in Spellcasting
  1129 | D:2      | Reached XP level 3. HP: 13/16 MP: 2/8
  1433 | D:2      | Reached XP level 4. HP: 21/21 MP: 4/10
  1511 | D:2      | Noticed Natasha
  1527 | D:2      | Killed Natasha
  1527 | D:2      | Reached skill level 1 in Slings
  1795 | D:2      | Reached skill level 1 in Conjurations
  2005 | D:2      | Reached skill level 1 in Fighting
  2005 | D:2      | Reached skill level 4 in Spellcasting
  2060 | D:2      | Noticed Natasha
  2071 | D:2      | Killed Natasha
  2071 | D:2      | Reached XP level 5. HP: 25/25 MP: 5/12
  2223 | D:2      | Noticed Natasha
  2230 | D:2      | Killed Natasha
  2898 | D:3      | Learned a level 2 spell: Poisonous Vapours
  3610 | D:3      | Found a sparkling altar of Nemelex Xobeh.
  3610 | D:3      | Found an opulent altar of Gozag.
  3611 | D:3      | Found a shimmering altar of Xom.
  4131 | D:4      | Reached XP level 6. HP: 30/30 MP: 1/14
  4232 | D:4      | Reached skill level 5 in Spellcasting
  4374 | D:4      | Found a white marble altar of Elyvilon.
  4515 | D:4      | Found an ancient bone altar of Kikubaaqudgha.
  4548 | D:4      | Reached skill level 1 in Air Magic
  4652 | D:4      | Found a stormy altar of Qazlal.
  4741 | D:5      | Entered Level 5 of the Dungeon
  4803 | D:5      | Found a burning altar of Makhleb.
  5029 | D:5      | Found a deep blue altar of Sif Muna.
  5038 | D:5      | Found a hazy altar of Hepliaklqana.
  5038 | D:5      | Found a glowing silver altar of Zin.
  5038 | D:5      | Found a shattered altar of Ashenzari.
  5067 | D:5      | Reached skill level 6 in Spellcasting
  5067 | D:5      | Reached XP level 7. HP: 23/35 MP: 15/17
  5333 | D:5      | Found a radiant altar of Vehumet.
  5338 | D:5      | Became a worshipper of Vehumet
  5559 | D:5      | Found a staircase to the Ecumenical Temple.
  5590 | D:5      | Reached skill level 5 in Poison Magic
  5843 | D:6      | Reached skill level 1 in Short Blades
  6009 | D:6      | Reached skill level 7 in Spellcasting
  6606 | D:6      | Reached XP level 8. HP: 36/39 MP: 11/20
  6877 | D:7      | Reached skill level 8 in Spellcasting
  6919 | D:7      | Noticed Duvessa
  6921 | D:7      | Noticed Dowan
  6933 | D:7      | Noticed a hippogriff
  6933 | D:7      | Killed Duvessa
  6940 | D:7      | Killed Dowan
  7259 | D:7      | Reached * piety under Vehumet
  7259 | D:7      | Offered knowledge of Magic Dart by Vehumet.
  7455 | D:7      | Killed a hippogriff
  7455 | D:7      | Reached skill level 9 in Spellcasting
  8064 | D:7      | Learned a level 1 spell: Magic Dart
  8433 | D:7      | Noticed Menkaure
  8447 | D:7      | Killed from afar by Menkaure

Skill      XL: |  1  2  3  4  5  6  7  8 |
---------------+-------------------------+-----
Spellcasting   | 3 4 6 7 9 |  9.4
Poison Magic   | 4 5 6 |  6.3
Slings         | 1 |  1.0
Conjurations   | 1 |  1.4
Fighting       | 1 2 3 |  3.7
Air Magic      | 1 3 |  3.1
Short Blades   | 1 |  1.2
Dodging        | |  3.6
Stealth        | |  3.0

Action                   |  1- 3 |  4- 6 |  7- 9 || total
-------------------------+-------+-------+-------++-------
Melee: Dagger            |       |    99 |   131 ||   230
       Hand axe          |       |       |    48 ||    48
 Fire: Hunting sling     |    14 |   182 |     6 ||   202
Throw: Stone             |     8 |       |    22 ||    30
 Cast: Sting             |    59 |    85 |    13 ||   157
       Poisonous Vapours |       |    63 |    71 ||   134
       Magic Dart        |       |       |    21 ||    21
 Stab: Sleeping          |       |     1 |       ||     1
  Eat: Fruit             |       |     1 |     1 ||     2
       Bread ration      |       |       |     1 ||     1
Armor: Robe              |       |    38 |    15 ||    53
Dodge: Dodged            |    17 |   297 |   156 ||   470
